 Dungeon Crawl Stone Soup version 0.23.2-40-g277498a001 (webtiles) character file.

Game seed: 13560277371389585976

232 FishyPogo the Chiller (level 6, -3/41 HPs)
             Began as a Human Ice Elementalist on Oct 5, 2019.
             Was an Initiate of Sif Muna.
             Slain by Duvessa
             ... wielding a +0 short sword
              (12 damage)
             ... on level 4 of the Dungeon.
             The game lasted 00:16:34 (3622 turns).

FishyPogo the Chiller (Human Ice Elementalist)      Turns: 3622, Time: 00:16:36

Health: -3/41      AC:  3    Str:  6    XL:     6   Next: 25%
Magic:  0/9        EV: 12    Int: 17    God:    Sif Muna [......]
Gold:   288        SH:  0    Dex: 14    Spells: 2/9 levels left

rFire    . . .     SeeInvis .   b - +2 dagger (venom)
rCold    . . .     Gourm    .   (no shield)
rNeg     . . .     Faith    .   a - +0 robe
rPois    .         Spirit   .   (helmet restricted)
rElec    .         Reflect  .   (no cloak)
rCorr    .         Harm     .   e - +0 pair of gloves
MR       .....                  (no boots)
Stlth    +++.......             (no amulet)
HPRegen  0.13/turn              d - ring of stealth
MPRegen  0.11/turn              (no ring)

@: very slightly contaminated
A: horns 1, mutation resistance 1, weak 1
a: Renounce Religion


You were on level 4 of the Dungeon.
You worshipped Sif Muna.
Sif Muna was noncommittal.
You were hungry.

You visited 2 branches of the dungeon, and saw 5 of its levels.

You collected 288 gold pieces.

Inventory:

Hand Weapons
 b - a +2 dagger of venom (weapon)
 y - a +2 dagger of protection
Missiles
 h - 153 stones (quivered)
Armour
 a - a +0 robe (worn)
 e - a +0 pair of gloves (worn)
 v - a +0 helmet
Magical Staves
 x - an uncursed staff of earth
Jewellery
 d - a ring of stealth (left hand)
 w - an uncursed ring of resist corrosion {unknown}
Wands
 z - a wand of scattershot (2)
Scrolls
 f - 5 scrolls of teleportation {unknown}
 g - 3 scrolls of remove curse {unknown}
 i - a scroll of fog {unknown}
 k - 3 scrolls of random uselessness {unknown}
 n - 2 scrolls of enchant weapon {unknown}
 o - 3 scrolls of identify {unknown}
 p - a scroll of noise {unknown}
 q - a scroll of amnesia {unknown}
 r - a scroll of magic mapping {unknown}
Potions
 j - a potion of haste {unknown}
 l - a potion of mutation
 t - a potion of agility {unknown}
 u - 2 potions of resistance {unknown}
Comestibles
 c - 5 rations
 s - 5 chunks of flesh


   Skills:
 - Level 2.0 Dodging
 - Level 2.0 Stealth
 - Level 2.0 Spellcasting
 - Level 1.0 Conjurations
 * Level 2.8 Summonings
 * Level 5.6 Ice Magic
 * Level 0.4 Invocations
 + Level 0.1 Evocations


You had 2 spell levels left.
You knew the following spells:

 Your Spells              Type           Power        Failure   Level  Hunger
a - Freeze                Ice            ###.         1%          1    #......
b - Throw Frost           Conj/Ice       ##....       8%          2    ###....
d - Summon Ice Beast      Ice/Summ       ###.....     34%         4    #####..

Your spell library contained the following spells:

 Spells                   Type           Power        Failure   Level  Hunger
 Ozocubu's Armour         Chrm/Ice       ##......     19%         3    ###....
 Throw Icicle             Conj/Ice       ##......     45%         4    #####..


Dungeon Overview and Level Annotations

Branches:
Dungeon (4/15)             Temple (1/1) D:4

Altars:
Cheibriados
Elyvilon
Fedhas
Gozag
Hepliaklqana
Kikubaaqudgha
Makhleb
Okawaru
Qazlal
Sif Muna
Wu Jian
Yredelemnul
The Shining One

Annotations:
D:4 Duvessa


Innate Abilities, Weirdness & Mutations

You have a pair of small horns on your head.
You are somewhat resistant to further mutation.
You are weak. (Str -2)


Message History

You feel clever.
You no longer feel heat resistant.
A pair of horns grows on your head!
Okay, then.
Okay, then.
Casting: Throw Frost (safe; 8% risk of failure)
Confirm with . or Enter, or press ? or * to list all spells.
Aiming: Freeze (safe; 1% risk of failure)
Press: ? - help, Shift-Dir - straight line, f - Duvessa
Aim: Duvessa, wielding a +0 short sword and wearing a cursed +0 ring mail (moderately wounded, berserk, fast, unusually strong, poisoned)
You freeze Duvessa!
Duvessa is heavily wounded.
Duvessa barely misses you.
Casting: Freeze (safe; 1% risk of failure)
Confirm with . or Enter, or press ? or * to list all spells.
A chill wind blows around you.
You are feeling hungry.
Duvessa hits you with a +0 short sword!
* * * LOW HITPOINT WARNING * * *
Duvessa hits you with a +0 short sword!
You die...

##.#......# #####.# #.#
...#.###### #.# ##.# #..#.#
#.# ######... #..#.#
#.####......... #....#
#..÷.÷.#####... ####.#
##### ######## ##.#
#....######...#### #.#
#..#.........>Y..# #.#
#..#####.##...##@# #.# .(.#
#.###.###e# #. ÷#.# #.# #.#
#.# .#.# #.# #.#
#.########## .#.# ###.###.#
#..........# .#.###.......#
#.########.# .#..........##
#.# #.#
.#..#.......####.########.#
................>......##.#
#.


You could see Duvessa (berserk) and a friendly ice beast.

Vanquished Creatures
  Dowan (D:4)
  A worker ant (D:4)
  6 adders
  A gnoll (D:1)
  2 oozes
  4 dart slugs
  3 leopard geckos
  3 orcs
  4 giant cockroaches
  7 goblins
  8 hobgoblins
  4 jackals (D:4)
  10 kobolds
  4 quokkas
  9 bats
  9 frilled lizards
  3 rats
79 creatures vanquished.

Notes
Turn   | Place    | Note
-------+----------+-------------------------------------------
     0 | D:1      | FishyPogo the Human Ice Elementalist began the quest for
                  | the Orb.
     0 | D:1      | Reached XP level 1. HP: 13/13 MP: 3/3
   134 | D:1      | Reached XP level 2. HP: 6/19 MP: 0/5
   400 | D:1      | Reached skill level 4 in Ice Magic
   400 | D:1      | Reached XP level 3. HP: 5/24 MP: 0/6
  1219 | D:2      | Reached XP level 4. HP: 23/30 MP: 1/7
  1225 | D:2      | Learned a level 4 spell: Summon Ice Beast
  1239 | D:2      | Learned a level 2 spell: Throw Frost
  1427 | D:2      | Reached skill level 1 in Summonings
  1487 | D:2      | Found a glowing golden altar of the Shining One.
  2126 | D:2      | Reached skill level 5 in Ice Magic
  2214 | D:3      | Reached XP level 5. HP: 35/35 MP: 6/8
  2916 | D:4      | Found a staircase to the Ecumenical Temple.
  2931 | Temple   | Entered the Ecumenical Temple
  3013 | Temple   | Became a worshipper of Sif Muna the Loreminder
  3127 | D:4      | Found a snail-covered altar of Cheibriados.
  3127 | D:4      | Noticed Dowan
  3152 | D:4      | Noticed Duvessa
  3181 | D:4      | Killed Dowan
  3181 | D:4      | Reached XP level 6. HP: 37/41 MP: 0/9
  3618 | D:4      | Gained mutation: You are weak. (Str -2) [potion of
                  | mutation]
  3618 | D:4      | Gained mutation: You have a pair of small horns on your
                  | head. [potion of mutation]
  3618 | D:4      | Gained mutation: You evolve. [potion of mutation]
  3619 | D:4      | Lost mutation: You evolve. [potion of mutation]
  3619 | D:4      | Lost mutation: You have a pair of small horns on your head.
                  | [potion of mutation]
  3619 | D:4      | Gained mutation: Your flesh is heat resistant. (rF+)
                  | [potion of mutation]
  3619 | D:4      | Gained mutation: You are dopey. (Int -2) [potion of
                  | mutation]
  3619 | D:4      | Gained mutation: You are somewhat resistant to further
                  | mutation. [potion of mutation]
  3620 | D:4      | Lost mutation: You are dopey. (Int -2) [potion of mutation]
  3620 | D:4      | Lost mutation: Your flesh is heat resistant. (rF+) [potion
                  | of mutation]
  3620 | D:4      | Gained mutation: You have a pair of small horns on your
                  | head. [potion of mutation]
  3622 | D:4      | Slain by Duvessa

Skill      XL: |  1  2  3  4  5 |
---------------+----------------+-----
Ice Magic      | 4 5 |  5.6
Summonings     | 1 2 |  2.8
Dodging        | |  2.0
Stealth        | |  2.0
Spellcasting   | |  2.0
Conjurations   | |  1.0
Invocations    | |  0.4
Evocations     | |  0.1

Action                   |  1- 3 |  4- 6 || total
-------------------------+-------+-------++-------
Melee: Unarmed           |    14 |       ||    14
       Dagger            |    25 |    79 ||   104
 Cast: Freeze            |    44 |    41 ||    85
       Throw Frost       |       |    30 ||    30
       Summon Ice Beast  |       |     1 ||     1
  Use: Potion            |     1 |     3 ||     4
       Scroll            |     1 |     1 ||     2
 Stab: Sleeping          |     2 |     7 ||     9
  Eat: Chunk             |     2 |    10 ||    12
Armor: Robe              |    29 |    21 ||    50
Dodge: Dodged            |    42 |    59 ||   101
